 Dungeon Crawl Stone Soup version 0.17-a0-1738-g82cdc46 (webtiles) character file.

147 bhops the Ruffian (level 5, -6/53 HPs)
             Began as a Troll Berserker on Aug 31, 2015.
             Was a Follower of Trog.
             Killed from afar by jejorda2's ghost (35 damage)
             ... with a bolt of negative energy
             ... on level 6 of the Dungeon.
             The game lasted 00:05:58 (937 turns).

bhops the Ruffian (Troll Berserker)                  Turns: 937, Time: 00:06:05

Health: -6/53      AC:  5    Str: 26    XL:     5   Next: 8%
Magic:  4/4        EV: 10    Int:  3    God:    Trog [*.....]
Gold:   96         SH:  0    Dex:  9    Spells: 0 memorised, 4 levels left

rFire  . . .     SeeInvis .       - Unarmed
rCold  . . .     Clarity  .     a - +0 animal skin
rNeg   . . .     SustAt   .     (no shield)
rPois  .         Gourm    +     (helmet restricted)
rElec  .         Spirit   .     (no cloak)
rCorr  .         Warding  .     (gloves unavailable)
rMut   .         Stasis   .     (boots unavailable)
MR     .....                    (no amulet)
Stlth  +.........               (no ring)
                                (no ring)

@: drained, not resistant to hostile enchantments, very unstealthy
A: unfitting armour, claws 3, fast metabolism 3, gourmand, regeneration 2,
shaggy fur 1, tough skin 2
a: Burn Spellbooks, Berserk, Renounce Religion


You were on level 6 of the Dungeon.
You worshipped Trog.
Trog was aware of your devotion.
You were not hungry.

You visited 1 branch of the dungeon, and saw 5 of its levels.

You collected 96 gold pieces.

Inventory:

Hand weapons
 e - a +0 arbalest
Armour
 a - a +0 animal skin (worn)
Jewellery
 c - an uncursed ring of ice
Scrolls
 f - a scroll of identify
 h - a scroll of magic mapping {unknown}
Potions
 g - a potion of heal wounds {unknown}
Comestibles
 b - a bread ration
 i - a beef jerky


   Skills:
 + Level 3.3(2.7) Fighting
 + Level 3.6(3.0) Dodging
 + Level 3.8(3.1) Unarmed Combat


You had 4 spell levels left.
You didn't know any spells.

Dungeon Overview and Level Annotations

Branches:
Dungeon (6/15)
 Temple: D:4-7

Altars:
Fedhas

Annotations:
D:6 jejorda2's ghost, experienced DrTm


Innate Abilities, Weirdness & Mutations

You are too large for most types of armour.
You have claws for hands.
Your metabolism is lightning-fast.
You like to eat raw meat.
You heal very quickly.
You are covered in fur (AC +1).
You have very tough skin (AC +2).


Message History

You barely miss the shadow imp.
The shadow imp is moderately wounded.
The shadow imp completely misses you.
You scratch the shadow imp.
The shadow imp is moderately wounded.
The shadow imp grins evilly.
The shadow imp gestures at you. Pain shoots through your body!
You claw the shadow imp!
You kill the shadow imp!
Trog accepts your kill.
Found 16 gold pieces.
You enter a teleport trap!
The teleport trap disappears.
Your surroundings suddenly seem different.
Jejorda2's ghost (experienced Green Draconian Transmuter) comes into view.
Jejorda2's ghost turns its malevolent gaze towards you.
Jejorda2's ghost breathes negative energy at you.
The bolt of negative energy hits you!
You feel drained.
Ouch! That really hurt!
You die...

##### #...# #..## #..#
#..# .# #..# #.#
#####..# ..# #
#.#.@..#####..# ##
#...W#........# ####.
##.#####.......##.....
##...##
#...........###
#.##..###....##....##
#
#####...............##
##...####........#
##.### ##..###...#
#..# #..## #...


You could see jejorda2's ghost.

Vanquished Creatures
  A jelly (D:5)
  3 worker ants (D:4)
  A hound skeleton (D:5)
  A shadow imp (D:6)
  A giant gecko (D:5)
  2 goblins
  10 jackals
  A kobold (D:1)
  2 giant newts
  2 rats (D:1)
24 creatures vanquished.

Notes
Turn   | Place    | Note
--------------------------------------------------------------
     0 | D:1      | bhops the Troll Berserker began the quest for the Orb.
     0 | D:1      | Reached XP level 1. HP: 22/22 MP: 0/0
   141 | D:2      | Found a blossoming altar of Fedhas.
   153 | D:2      | Reached XP level 2. HP: 22/29 MP: 1/1
   241 | D:2      | You fall through a shaft!
   249 | D:4      | Reached XP level 3. HP: 32/36 MP: 2/2
   387 | D:4      | Reached XP level 4. HP: 17/45 MP: 3/3
   524 | D:5      | Entered Level 5 of the Dungeon
   620 | D:5      | Reached XP level 5. HP: 38/53 MP: 4/4
   937 | D:6      | Noticed jejorda2's ghost (experienced DrTm)
   937 | D:6      | Killed from afar by jejorda2's ghost

Vault maps used:
D:1:      zelgadis_glass_arrival_small, nrook_mini_backslash,
          roderic_greek_sauvastika, minivault_23, grunt_decor_resistance
D:2:      overflow_temple_1_default, ecumenical_altar_1, first_bread
D:5:      minmay_temple_entry_poolview, grunt_decor_fettered

Action                   |  1- 3 |  4- 6 || total
-------------------------+-------+-------++-------
Melee: Unarmed           |    53 |    26 ||    79
  Use: Scroll            |       |     2 ||     2
  Eat: Chunk             |       |     3 ||     3
       Bread ration      |       |     1 ||     1
